 Dungeon Crawl Stone Soup version 0.21.1-1-g345015f (webtiles) character file.

109 tidbits the Chiller (level 4, 0/32 HPs)
             Began as a Gnoll Ice Elementalist on Apr 3, 2018.
             Slain by a big kobold
             ... wielding a +0 dagger
              (7 damage)
             ... in a sewer.
             The game lasted 00:04:25 (470 turns).

tidbits the Chiller (Gnoll Ice Elementalist)         Turns: 470, Time: 00:04:27

Health: 0/32       AC:  2    Str: 10    XL:     4   Next: 90%
Magic:  8/11       EV: 15    Int: 18    God:
Gold:   50         SH:  0    Dex: 16    Spells: 7/13 levels left

rFire    . . .     SeeInvis .   a - +0 dagger
rCold    . . .     Gourm    .   (no shield)
rNeg     + . .     Faith    .   h - +0 robe
rPois    .         Spirit   .   (no helmet)
rElec    .         Reflect  .   (no cloak)
rCorr    .         Harm     .   (no gloves)
MR       .....                  (no boots)
Stlth    +++.......             (no amulet)
HPRegen  0.10/turn              k - ring of positive energy
MPRegen  0.12/turn              (no ring)

@: no status effects
A: distributed training, fangs 1, strong nose
a: no special abilities


You were in a sewer.
You were not hungry.

You visited 1 branch of the dungeon, and saw 3 of its levels.
You also visited: Sewer.

You collected 50 gold pieces.

Inventory:

Hand Weapons
 a - a +0 dagger (weapon)
 m - a +0 flail
 n - a +0 short sword
Missiles
 j - 14 bolts
 l - 27 arrows
Armour
 f - a +0 ring mail
 h - a +0 robe (worn)
 o - a +0 pair of gloves
Jewellery
 k - a ring of positive energy (left hand)
   (You found it on level 3 of the Dungeon)
Scrolls
 d - a scroll of noise {unknown}
 e - a scroll of remove curse {unknown}
 i - 2 scrolls of blinking
Potions
 g - a potion of magic {unknown}
Books
 b - a book of Frost

   Spells                             Type                      Level
   a - Freeze                         Ice                          1
   b - Throw Frost                    Conjuration/Ice              2
   c - Ozocubu's Armour               Charms/Ice                   3
   d - Throw Icicle                   Conjuration/Ice              4
   e - Summon Ice Beast               Ice/Summoning                4
Comestibles
 c - 2 rations


   Skills:
 + Level 1.2 Fighting
 + Level 1.2 Short Blades
 + Level 1.2 Long Blades
 + Level 1.2 Axes
 + Level 1.2 Maces & Flails
 + Level 1.2 Polearms
 + Level 1.2 Staves
 + Level 1.2 Slings
 + Level 1.2 Bows
 + Level 1.2 Crossbows
 + Level 1.2 Throwing
 + Level 1.2 Armour
 + Level 4.7 Dodging
 + Level 4.3 Stealth
 + Level 1.2 Shields
 + Level 1.2 Unarmed Combat
 + Level 5.1 Spellcasting
 + Level 2.3 Conjurations
 + Level 1.0 Hexes
 + Level 1.0 Charms
 + Level 1.0 Summonings
 + Level 1.0 Necromancy
 + Level 1.0 Translocations
 + Level 1.0 Transmutations
 + Level 1.0 Fire Magic
 + Level 5.5 Ice Magic
 + Level 1.0 Air Magic
 + Level 1.0 Earth Magic
 + Level 1.0 Poison Magic
 + Level 1.3 Invocations
 + Level 1.2 Evocations


You had 7 spell levels left.
You knew the following spells:

 Your Spells              Type           Power        Failure   Level  Hunger
a - Freeze                Ice            ###.         1%          1    None
j - Throw Frost           Conj/Ice       ###...       4%          2    #......
o - Ozocubu's Armour      Chrm/Ice       ###.....     11%         3    ##.....


Dungeon Overview and Level Annotations

Branches:
Dungeon (3/15)

Altars:
Kikubaaqudgha

Annotations:
D:3 Eltigrechino's ghost, amateur SpAs


Innate Abilities, Weirdness & Mutations

Your experience applies equally to all skills.
You have very sharp teeth.
Your uncanny sense of smell can sniff out nearby items.


Message History

The bat completely misses you.
You enter the shallow water.
Moving in this stuff is going to be slow.
The bat closely misses you. The bat barely misses you. x2
Eltigrechino's ghost closely misses you.
The bat closely misses you. The bat barely misses you.
The kobold completely misses you. The worm bites you.
* * * LOW HITPOINT WARNING * * *
You hear the slow rusting of a drain.
The bat closely misses you. The bat misses you.
Eltigrechino's ghost stares at you. Eltigrechino's ghost hits you.
* * * LOW HITPOINT WARNING * * *
The worm barely misses you.
Unknown command.
The bat closely misses you. The bat hits you but does no damage.
The bat closely misses you.
There is a glowing drain here.
The bat misses you. Eltigrechino's ghost hits you.
* * * LOW HITPOINT WARNING * * *
The kobold splashes around in the water.
The world spins around you as you enter the gateway.
You enter a sewer!
Found a gate leading back out of this place.
There is an empty arch of ancient stone here.
Unknown command.
Blink to where?
Press: ? - help, Dir - move target cursor You are very lightly contaminated with residual magic.
As you read the scroll labeled EDOIR OFIDIB, it crumbles to dust.
It was a scroll of blinking.
Unknown command.
Okay, then.
It was a potion of agility.
You feel agile all of a sudden.
You enter the shallow water.
Moving in this stuff is going to be slow.
You enter the shallow water.
Moving in this stuff is going to be slow.
A worm and a big kobold come into view.
You enter the shallow water.
Moving in this stuff is going to be slow.
An ooze comes into view.
Found a bubbling grey potion.
You enter the shallow water.
Moving in this stuff is going to be slow.
There are no items here.
You see here a bubbling grey potion.
g - a bubbling grey potion You enter the shallow water.
Moving in this stuff is going to be slow.
Your magical contamination has completely faded away.
You enter the shallow water.
Moving in this stuff is going to be slow.
You enter the shallow water.
Moving in this stuff is going to be slow.
You enter the shallow water.
Moving in this stuff is going to be slow.
You enter the shallow water.
Moving in this stuff is going to be slow.
You enter the shallow water.
Moving in this stuff is going to be slow.
You enter the shallow water.
Moving in this stuff is going to be slow.
You feel a little less agile now.
You enter the shallow water.
Moving in this stuff is going to be slow.
A big kobold comes into view. It is wielding a dagger.
The big kobold throws a stone.
The stone hits you.
* * * LOW HITPOINT WARNING * * *
You hear a splash.
Found 2 scrolls labeled GIGOOM RAMOI.
You see here a stone.
Unknown command.
A ball python and a big kobold come into view.
Casting: Freeze
Confirm with . or Enter, or press ? or * to list all spells.
Aiming: Freeze
Press: ? - help, Shift-Dir - straight line, f - big kobold
Aim: a big kobold, wielding a dagger You freeze the big kobold.
The big kobold is heavily wounded.
Casting: Freeze
Confirm with . or Enter, or press ? or * to list all spells.
Aiming: Freeze
Press: ? - help, Shift-Dir - straight line, f/p - big kobold
Aim: a big kobold, wielding a dagger (heavily wounded)
You freeze the big kobold.
The big kobold is heavily wounded.
The big kobold hits you with a dagger!
* * * LOW HITPOINT WARNING * * *
Casting: Freeze
Confirm with . or Enter, or press ? or * to list all spells.
Aiming: Freeze
Press: ? - help, Shift-Dir - straight line, f/p - big kobold
Aim: a big kobold, wielding a dagger (heavily wounded)
You freeze the big kobold.
The big kobold is severely wounded.
The big kobold hits you with a dagger!
You die...

...≈...≈≈.≈.. ∆
≈....≈≈...≈≈# ...∩..≈≈≈.≈≈#
≈....≈≈≈≈≈≈.# ≈..∩....≈≈..#
≈....≈..≈.≈≈## ###
.≈.≈.≈≈≈.≈≈..## #####≈≈≈≈?
.≈.≈≈..≈##.≈≈≈####≈(≈≈≈#
≈≈≈.≈.≈####.≈≈.≈@K≈###.≈≈K.
≈≈≈≈...## #≈≈≈≈..≈≈# ###
.≈≈.≈≈.≈####≈≈...≈≈###≈≈≈≈S
≈≈.≈≈≈.≈..########.≈.≈≈#
.#####≈.≈≈.# #####≈≈≈≈K
##..≈≈# ### ##≈≈≈# #≈≈.#
#.≈≈#


You could see a big kobold.

Vanquished Creatures
  An orc priest (D:3)
  3 gnolls (D:3)
  2 adders (D:3)
  A dart slug (D:2)
  A leopard gecko (D:2)
  4 orcs (D:3)
  A ball python (D:2)
  A hobgoblin (D:2)
  3 jackals (D:3)
  3 bats
  A frilled lizard (D:3)
  5 goblins
  2 kobolds
  2 rats
30 creatures vanquished.

Notes
Turn   | Place    | Note
-------+----------+-------------------------------------------
     0 | D:1      | tidbits the Gnoll Ice Elementalist began the quest for the Orb.
     0 | D:1      | Reached XP level 1. HP: 13/13 MP: 6/6
    50 | D:2      | Reached skill level 2 in Conjurations
    59 | D:2      | Reached XP level 2. HP: 10/19 MP: 0/7
   152 | D:2      | Learned a level 2 spell: Throw Frost
   207 | D:3      | Reached skill level 5 in Spellcasting
   207 | D:3      | Reached XP level 3. HP: 24/25 MP: 7/9
   210 | D:3      | Reached skill level 1 in Invocations
   217 | D:3      | Learned a level 3 spell: Ozocubu's Armour
   232 | D:3      | Found an ancient bone altar of Kikubaaqudgha.
   257 | D:3      | Reached skill level 1 in Fighting
   257 | D:3      | Reached skill level 1 in Short Blades
   257 | D:3      | Reached skill level 1 in Long Blades
   257 | D:3      | Reached skill level 1 in Axes
   257 | D:3      | Reached skill level 1 in Maces & Flails
   257 | D:3      | Reached skill level 1 in Polearms
   257 | D:3      | Reached skill level 1 in Staves
   257 | D:3      | Reached skill level 1 in Slings
   257 | D:3      | Reached skill level 1 in Bows
   257 | D:3      | Reached skill level 1 in Crossbows
   257 | D:3      | Reached skill level 1 in Throwing
   257 | D:3      | Reached skill level 1 in Armour
   257 | D:3      | Reached skill level 1 in Shields
   257 | D:3      | Reached skill level 1 in Unarmed Combat
   257 | D:3      | Reached skill level 1 in Evocations
   284 | D:3      | Reached XP level 4. HP: 29/32 MP: 7/11
   315 | D:3      | Reached skill level 1 in Hexes
   315 | D:3      | Reached skill level 1 in Charms
   315 | D:3      | Reached skill level 1 in Summonings
   315 | D:3      | Reached skill level 1 in Necromancy
   315 | D:3      | Reached skill level 1 in Translocations
   315 | D:3      | Reached skill level 1 in Transmutations
   315 | D:3      | Reached skill level 1 in Fire Magic
   315 | D:3      | Reached skill level 1 in Air Magic
   315 | D:3      | Reached skill level 1 in Earth Magic
   315 | D:3      | Reached skill level 1 in Poison Magic
   353 | D:3      | Noticed Eltigrechino's ghost (amateur SpAs)
   394 | D:3      | Found a glowing drain.
   404 | Sewer    | Entered a sewer
   416 | Sewer    | Noticed a big kobold
   459 | Sewer    | Noticed a big kobold
   463 | Sewer    | Noticed a big kobold
   470 | Sewer    | Slain by a big kobold

Skill      XL: |  1  2  3  4 |
---------------+-------------+-----
Conjurations   | 2 |  2.3
Spellcasting   | 5 |  5.1
Invocations    | 1 |  1.3
Fighting       | 1 |  1.2
Short Blades   | 1 |  1.2
Long Blades    | 1 |  1.2
Axes           | 1 |  1.2
Maces & Flails | 1 |  1.2
Polearms       | 1 |  1.2
Staves         | 1 |  1.2
Slings         | 1 |  1.2
Bows           | 1 |  1.2
Crossbows      | 1 |  1.2
Throwing       | 1 |  1.2
Armour         | 1 |  1.2
Shields        | 1 |  1.2
Unarmed Combat | 1 |  1.2
Evocations     | 1 |  1.2
Hexes          | 1 |  1.0
Charms         | 1 |  1.0
Summonings     | 1 |  1.0
Necromancy     | 1 |  1.0
Translocations | 1 |  1.0
Transmutations | 1 |  1.0
Fire Magic     | 1 |  1.0
Air Magic      | 1 |  1.0
Earth Magic    | 1 |  1.0
Poison Magic   | 1 |  1.0
Dodging        | |  4.7
Stealth        | |  4.3
Ice Magic      | |  5.5

Action                   |  1- 3 |  4- 6 || total
-------------------------+-------+-------++-------
Melee: Dagger            |     7 |     3 ||    10
 Cast: Freeze            |    18 |    19 ||    37
  Use: Scroll            |       |     1 ||     1
       Potion            |       |     1 ||     1
 Stab: Sleeping          |     5 |       ||     5
       Distracted        |     1 |       ||     1
Armor: Robe              |     5 |     1 ||     6
Dodge: Dodged            |    21 |    20 ||    41

Table legend:
 A = Turns spent in this place as a percentage of turns spent in the entire game.
 B = Non-inter-level travel turns spent in this place as a percentage of non-inter-level travel turns spent in the entire game.
 C = Inter-level travel turns spent in this place as a percentage of turns spent in this place.
 D = Turns resting spent in this place as a percentage of non-inter-level travel turns spent in this place.
 E = Turns spent auto-exploring this place as a percentage of non-inter-level travel turns spent in this place.
 F = Non-inter-level travel turns spent in this place divided by the number of levels of this place that you've seen.
                   A       B       C       D       E      F
               +-------+-------+-------+-------+-------+----------------------
         Total | 100.0 | 100.0 |   0.0 |   0.0 |   0.0 | 117.5
       Dungeon |  86.0 |  86.0 |   0.0 |   0.0 |   0.0 | 134.7
         Sewer |  14.0 |  14.0 |   0.0 |   0.0 |   0.0 |  66.0
               +-------+-------+-------+-------+-------+----------------------

Table legend:
 A = Kills in this place as a percentage of kills in entire the game.
 B = Kills by you in this place as a percentage of kills by you in the entire game.
 C = Kills by friends in this place as a percentage of kills by friends in the entire game.
 D = Other kills in this place as a percentage of other kills in the entire game.
 E = Experience gained in this place as a percentage of experience gained in the entire game.
 F = Experience gained in this place divided by the number of levels of this place that you have seen.
                   A       B       C       D       E      F
               +-------+-------+-------+-------+-------+----------------------
         Total | 100.0 | 100.0 |   N/A |   N/A | 100.0 |  39.2
       Dungeon | 100.0 | 100.0 |   N/A |   N/A | 100.0 |  52.3
               +-------+-------+-------+-------+-------+----------------------

Vault maps used:
D:1:      saegor_arrival_simple_f, minmay_misc_feat_chi
D:2:      st_stairs_9, cheibrodos_gnoll_hut
D:3:      lemuel_crystal_altar, cheibrodos_sewer_entry_drain, tgw_kikubaaqudgha,
          uniq_natasha, uniq_terence, uniq_sigmund
Sewer:    sewer_co_tree
